 Dungeon Crawl Stone Soup version 0.17-a0-1951-g62301d3 (webtiles) character file.

1397 Ordine the Cruncher (level 8, 0/62 HPs)
             Began as a Minotaur Gladiator on Oct 3, 2015.
             Killed from afar by Lizzurd's ghost (43 damage)
             ... with a bolt of negative energy
             ... on level 6 of the Dungeon.
             The game lasted 00:11:02 (3801 turns).

Ordine the Cruncher (Minotaur Gladiator)            Turns: 3801, Time: 00:11:03

Health: 0/62       AC: 10    Str: 21    XL:     8   Next: 41%
Magic:  7/7        EV: 10    Int:  5    God:
Gold:   245        SH:  0    Dex: 12    Spells: 0 memorised, 7 levels left

rFire  . . .     SeeInvis .     a - +1 quarterstaff
rCold  . . .     Clarity  .     r - +0 chain mail
rNeg   . . .     SustAt   .     (no shield)
rPois  +         Gourm    .     c - +1 hat
rElec  .         Spirit   .     (no cloak)
rCorr  .         Warding  .     (no gloves)
rMut   .         Stasis   .     (no boots)
MR     .....                    j - amulet of regeneration
Stlth  ..........               (no ring)
                                y - ring of poison resistance

@: drained, not resistant to hostile enchantments, extremely unstealthy
A: retaliatory headbutt, horns 2, wild magic 2
a: no special abilities


You were on level 6 of the Dungeon.
You were not hungry.

You visited 1 branch of the dungeon, and saw 6 of its levels.
You also visited: Sewer.

You collected 245 gold pieces.

Inventory:

Hand weapons
 a - a +1 quarterstaff (weapon)
Missiles
 d - 3 throwing nets (quivered)
Armour
 c - a +1 hat (worn)
 r - a +0 chain mail (worn)
Jewellery
 j - an amulet of regeneration (around neck)
 y - a ring of poison resistance (left hand)
Magical devices
 i - a wand of enslavement (24)
Scrolls
 l - a scroll of fear
 n - 2 scrolls of enchant armour
 o - a scroll of teleportation
 q - a scroll of fog
 u - a scroll of magic mapping
 v - a scroll of remove curse
 w - a scroll of enchant weapon
 B - a scroll of amnesia
Potions
 b - 2 potions of degeneration {unknown}
 f - 4 potions of brilliance
 g - 2 potions of cancellation
 h - 4 potions of flight
 k - a potion of magic {unknown}
 m - 2 potions of curing
 p - 2 potions of heal wounds {unknown}
 t - a potion of berserk rage {unknown}
 x - 2 potions of ambrosia {unknown}
Comestibles
 e - 2 bread rations
 s - 2 meat rations
 z - a royal jelly
 A - 3 chunks of flesh


   Skills:
 - Level 2.4(1.7) Fighting
 * Level 9.5(8.7) Staves
 - Level 2.0(1.3) Throwing
 + Level 5.9(5.2) Armour
 + Level 6.5(5.8) Dodging


You had 7 spell levels left.
You didn't know any spells.

Dungeon Overview and Level Annotations

Branches:
Dungeon (6/15)
 Temple: D:4-7

Altars:
Ashenzari
Dithmenos
Fedhas
Gozag
Nemelex Xobeh
Qazlal
The Shining One

Portals:
Ossuary: D:6

Annotations:
D:6 Lizzurd's ghost, experienced DrCj


Innate Abilities, Weirdness & Mutations

You reflexively headbutt those who attack you in melee.
You have a pair of horns on your head.
Your spells are harder to cast, but more powerful.


Message History

Found a sand-covered staircase.
Lizzurd's ghost opens the door.
There is an open door here.
Lizzurd's ghost gestures at the sand-covered staircase while chanting.
Lizzurd's ghost conjures a prism of explosive energy!
Lizzurd's ghost gestures next to you while chanting.
Lizzurd's ghost conjures a prism of explosive energy!
The fulminant prism crackles loudly.
You sock the fulminant prism!
The fulminant prism is severely damaged.
You thump the fulminant prism!
The fulminant prism explodes!
The blast of energy engulfs the fulminant prism.
The blast of energy engulfs you!
You hear a bark!
The fulminant prism crackles loudly.
Lizzurd's ghost breathes negative energy at you.
The bolt of negative energy hits you!
You feel drained.
Ouch! That really hurt!
You die...

###############
##..............
.########..#############
..................
......#'#......... .##..
#.#...#####. #. #@###.#
# +..∩*.+.# ###.###.#
#.# .# #W# ... .#. # . .
# ##


You could see Lizzurd's ghost.

Vanquished Creatures
  Grinder (D:4)
  Prince Ribbit (D:5)
  Menkaure (D:5)
  2 phantoms
  2 ogres
  Blork the orc (D:5)
  The ghost of godescalc the Sneak, an average SpEn (D:3)
  A big kobold (Sewer)
  3 scorpions (D:4)
  An orc priest (D:5)
  A hound (D:4)
  A worker ant (D:5)
  3 gnolls (D:5)
  7 adders
  2 worms
  An adder skeleton (D:5)
  4 giant geckos
  14 orcs
  3 ball pythons
  5 giant cockroaches
  11 hobgoblins
  10 kobolds
  2 quokkas
  10 bats
  2 giant newts
  8 goblins
  16 jackals
  12 rats
  A fulminant prism (D:6)
127 creatures vanquished.

Notes
Turn   | Place    | Note
--------------------------------------------------------------
     0 | D:1      | Ordine the Minotaur Gladiator began the quest for the Orb.
     0 | D:1      | Reached XP level 1. HP: 18/18 MP: 0/0
    58 | D:1      | Reached XP level 2. HP: 19/25 MP: 1/1
   140 | D:1      | Reached skill level 4 in Staves
   206 | D:1      | Reached skill level 1 in Armour
   584 | D:1      | Reached XP level 3. HP: 28/30 MP: 2/2
   940 | D:2      | Found a shattered altar of Ashenzari.
  1066 | D:2      | Reached skill level 5 in Staves
  1115 | D:2      | Found a glowing golden altar of the Shining One.
  1286 | D:2      | Reached XP level 4. HP: 37/37 MP: 3/3
  1636 | D:3      | Found a stormy altar of Qazlal.
  1646 | D:3      | Noticed godescalc's ghost (average SpEn)
  1668 | D:3      | Killed godescalc's ghost
  1668 | D:3      | Reached XP level 5. HP: 21/42 MP: 4/4
  2002 | D:3      | Gained mutation: Your spells are a little harder to cast, but a little more powerful. [potion of mutation]
  2002 | D:3      | Gained mutation: Your spells are harder to cast, but more powerful. [potion of mutation]
  2086 | D:3      | Found a glowing drain.
  2091 | Sewer    | Entered a sewer
  2148 | Sewer    | Reached skill level 6 in Staves
  2189 | Sewer    | Found a white marble altar of Elyvilon.
  2735 | D:4      | Noticed Grinder
  2746 | D:4      | Paralysed by Grinder for 4 turns
  2756 | D:4      | Killed Grinder
  2756 | D:4      | Reached skill level 7 in Staves
  2756 | D:4      | Reached skill level 5 in Dodging
  2756 | D:4      | Reached XP level 6. HP: 33/50 MP: 5/5
  2781 | D:4      | Noticed an ogre
  2789 | D:4      | Killed an ogre
  2789 | D:4      | Reached XP level 7. HP: 56/56 MP: 6/6
  2840 | D:4      | Noticed a phantom
  2858 | D:4      | Killed a phantom
  2894 | D:4      | Reached skill level 8 in Staves
  3063 | D:4      | Found an opulent altar of Gozag.
  3178 | D:5      | Entered Level 5 of the Dungeon
  3235 | D:5      | Noticed Menkaure
  3236 | D:5      | Noticed Prince Ribbit
  3256 | D:5      | Killed Prince Ribbit
  3256 | D:5      | Reached skill level 5 in Armour
  3262 | D:5      | Killed Menkaure
  3262 | D:5      | Reached skill level 9 in Staves
  3262 | D:5      | Reached XP level 8. HP: 15/62 MP: 7/7
  3478 | D:5      | Noticed Blork the orc
  3492 | D:5      | Killed Blork the orc
  3603 | D:5      | Found a sparkling altar of Nemelex Xobeh.
  3604 | D:5      | Found a blossoming altar of Fedhas.
  3745 | D:6      | Found a shadowy altar of Dithmenos.
  3796 | D:6      | Found a sand-covered staircase.
  3798 | D:6      | Noticed Lizzurd's ghost (experienced DrCj)
  3801 | D:6      | Killed from afar by Lizzurd's ghost

Vault maps used:
D:1:      zelgadis_glass_arrival_small
D:2:      tso_altar, ashenzari_conservatory_becter, kennysheep_generic_room_3
D:3:      first_bread, gup_sewer_entry_bowl, grunt_qazlal_clouds
D:4:      grunt_gozag_breadcrumbs, uniq_grinder
D:5:      gammafunk_temple_overflow_pools, uniq_prince_ribbit1, uniq_menkaure,
          uniq_blork_the_orc
D:6:      nicolae_ossuary_entry_plus, minmay_misc_feat_rugged,
          grunt_dithmenos_smoke_and_mirrors, uniq_edmund
Sewer:    sewer_kobolds

Action                   |  1- 3 |  4- 6 |  7- 9 || total
-------------------------+-------+-------+-------++-------
Melee: Quarterstaff      |    96 |   136 |   123 ||   355
Throw: Throwing net      |       |     3 |     4 ||     7
  Use: Scroll            |     8 |     7 |       ||    15
       Potion            |       |     1 |     2 ||     3
 Stab: Sleeping          |     1 |       |       ||     1
       Held in net/web   |       |       |     2 ||     2
  Eat: Chunk             |     1 |     6 |     4 ||    11
